 Dungeon Crawl Stone Soup version 0.29-a0-870-g2c972031a6 (webtiles) character file.

Game seed: 5041428651056621650

1129 kevlar127 the Ruffian (level 8, -4/83 HPs)
             Began as a Troll Berserker on July 17, 2022.
             Was an Elder of Trog.
             Slain by Edmund
             ... wielding a +4 flail of protection
              (10 damage)
             ... on level 6 of the Dungeon.
             The game lasted 00:07:53 (4108 turns).

kevlar127 the Ruffian (Troll Berserker)             Turns: 4108, Time: 00:07:54

Health: -4/83      AC: 10    Str: 28    XL:     8   Next: 13%
Magic:  7/7        EV: 10    Int:  3    God:    Trog [****..]
Gold:   154        SH:  0    Dex:  9    Spells: 7/7 levels left

rFire   . . .      SeeInvis +     - Unarmed
rCold   . . .      Faith    .   (no shield)
rNeg    . . .      Spirit   .   a - +0 animal skin
rPois   .          Reflect  .   (helmet restricted)
rElec   .          Harm     .   l - +1 cloak
rCorr   .          Rampage  .   (gloves unavailable)
Will    ++...                   (boots unavailable)
Stlth   +.........              (no amulet)
HPRegen 2.03/turn               t - ring of see invisible
MPRegen 0.10/turn               v - +4 ring of protection

@: strong-willed, on berserk cooldown, regenerating
A: large, unfitting armour, claws 3, regeneration 1, shaggy fur 1, tough skin 1
a: Renounce Religion, Berserk, Trog's Hand, Brothers in Arms


You were on level 6 of the Dungeon.
You worshipped Trog.
Trog was greatly pleased with you.
You visited 1 branch of the dungeon, and saw 6 of its levels.

You collected 319 gold pieces.
You spent 165 gold pieces at shops.

Inventory:

Missiles
 b - 61 stones (quivered)
 u - 3 boomerangs of dispersal
 D - 5 atropa-tipped darts
 E - 6 poisoned darts
 F - 6 datura-tipped darts
Armour
 a - a +0 animal skin (worn)
 l - a +1 cloak (worn)
Jewellery
 r - a ring of protection from cold
 t - a ring of see invisible (left claw)
 v - a +4 ring of protection (right claw)
Wands
 y - a wand of roots (4)
Scrolls
 c - 10 scrolls of identify
 j - a scroll of noise {unknown}
 k - 2 scrolls of enchant armour {unknown}
 o - a scroll of summoning {unknown}
 p - 4 scrolls of magic mapping
 s - 2 scrolls of teleportation
 w - a scroll of poison {unknown}
 x - a scroll of vulnerability {unknown}
Potions
 d - a potion of invisibility {unknown}
 e - 2 potions of magic {unknown}
 f - a potion of ambrosia {unknown}
 g - a potion of berserk rage {unknown}
 h - a potion of brilliance {unknown}
 i - 3 potions of might
 m - 3 potions of flight {unknown}
 n - a potion of heal wounds {unknown}
 q - a potion of haste
 z - a potion of lignification {unknown}
 A - a potion of degeneration {unknown}
 B - 4 potions of curing
 C - a potion of attraction {unknown}
 G - a potion of mutation {unknown}


   Skills:
 + Level 5.9 Fighting
 + Level 1.5 Throwing
 - Level 3.0 Dodging
 + Level 7.1 Unarmed Combat


You had 7 spell levels left.
You didn't know any spells.
Your spell library was empty.

Dungeon Overview and Level Annotations

Branches:
Dungeon (6/15)
 Temple: D:4-7

Altars:

Shops:
D:1 *(

Annotations:
D:6 Edmund, Prince Ribbit


Innate Abilities, Weirdness & Mutations

You are too large for most types of armour.
You have claws for hands.
Your natural rate of healing is unusually fast.
You are covered in fur. (AC +1)
You have tough skin. (AC +1)


Message History

You mangle Edmund!!
Edmund is heavily wounded.
Edmund closely misses you.
Prince Ribbit blinks!
You barely miss Edmund.
Edmund is heavily wounded.
Edmund barely misses you.
You completely miss Edmund.
Edmund is heavily wounded.
Edmund hits you with a +4 flail of protection.
* * * LOW HITPOINT WARNING * * *
Edmund hits you but does no damage.
You claw Edmund!
Edmund is severely wounded.
Edmund hits you with a +4 flail of protection!
* * * LOW HITPOINT WARNING * * *
Unknown command.
You barely miss Edmund.
Edmund is severely wounded.
Prince Ribbit hits you but does no damage.
Edmund hits you with a +4 flail of protection.
* * * LOW HITPOINT WARNING * * *
Prince Ribbit misses you.
You barely miss Edmund. Your claw misses Edmund.
Edmund is severely wounded.
Edmund hits you with a +4 flail of protection.
* * * LOW HITPOINT WARNING * * *
Prince Ribbit hits you.
* * * LOW HITPOINT WARNING * * *
Unknown command.
You scratch Edmund but do no damage.
Edmund is severely wounded.
Edmund misses you.
Prince Ribbit hits you but does no damage.
Edmund hits you with a +4 flail of protection.
* * * LOW HITPOINT WARNING * * *
You claw Edmund!
Edmund is almost dead.
Prince Ribbit hits you but does no damage.
Edmund hits you with a +4 flail of protection!
You die...

## .# .# # ####.#.
#......### #..
#.##.....# #..
##.##.....# #...
###........@#
#...##.#.......@F#
.........###.....###..
.........# #...........
..:..)...###.#..####...
...@.#.#))......# . ...
###..)....## .
#####.### #.#


You could see Edmund (fast) and Prince Ribbit.

Vanquished Creatures
  A steam dragon (D:6)
  A black bear (D:4)
  2 ogres (D:5)
  A centaur (D:6)
  Blork the orc (D:4)
  A gnoll sergeant (D:6)
  2 scorpions
  2 jellies (D:5)
  An orc priest (D:4)
  A hound (D:5)
  An iguana (D:5)
  An orc wizard (D:4)
  7 gnolls
  7 adders
  A shadow imp (D:5)
  A white imp (D:5)
  2 ufetubi
  A worm (D:3)
  A dart slug (D:3)
  15 orcs
  5 endoplasms
  3 giant cockroaches
  6 goblins
  3 jackals (D:2)
  7 kobolds
  3 quokkas
  13 ball pythons
  5 bats
  2 frilled lizards
  3 rats
100 creatures vanquished.

Notes
Turn   | Place    | Note
-------+----------+-------------------------------------------
     0 | D:1      | kevlar127 the Troll Berserker began the quest for the Orb.
     0 | D:1      | Reached XP level 1. HP: 22/22 MP: 0/0
   102 | D:1      | Found Wohusef's General Store.
   561 | D:1      | Found Roexetesm's Weapon Emporium.
   647 | D:1      | Reached XP level 2. HP: 29/29 MP: 1/1
  1032 | D:2      | Reached ** piety under Trog
  1033 | D:2      | Reached XP level 3. HP: 35/37 MP: 2/2
  1100 | D:2      | Reached skill level 4 in Unarmed Combat
  1180 | D:2      | Reached XP level 4. HP: 42/45 MP: 3/3
  1391 | D:2      | Identified the +6 sling of the Ring {vorpal, Drain rPois
                  | rC+ Dex+4}
  2277 | D:4      | Reached *** piety under Trog
  2390 | D:4      | Noticed a scorpion
  2395 | D:4      | Killed a scorpion
  2396 | D:4      | Reached XP level 5. HP: 54/54 MP: 4/4
  2406 | D:4      | Noticed a black bear
  2413 | D:4      | Killed a black bear
  2414 | D:4      | Reached skill level 5 in Unarmed Combat
  2414 | D:4      | Reached XP level 6. HP: 47/63 MP: 5/5
  2776 | D:4      | Noticed Blork the orc
  2785 | D:4      | Killed Blork the orc
  2945 | D:1      | Bought a potion of curing for 30 gold pieces
  2945 | D:1      | Bought a potion of might for 40 gold pieces
  2945 | D:1      | Bought a scroll of magic mapping for 75 gold pieces
  2945 | D:1      | Bought a scroll of identify for 20 gold pieces
  3059 | D:5      | Entered Level 5 of the Dungeon
  3157 | D:5      | Reached skill level 6 in Unarmed Combat
  3157 | D:5      | Reached XP level 7. HP: 59/71 MP: 6/6
  3158 | D:5      | Reached skill level 5 in Fighting
  3611 | D:5      | Reached **** piety under Trog
  4069 | D:6      | Noticed a steam dragon
  4073 | D:6      | Reached XP level 8. HP: 83/83 MP: 7/7
  4080 | D:6      | Reached skill level 1 in Throwing
  4080 | D:6      | Reached skill level 7 in Unarmed Combat
  4084 | D:6      | Noticed Prince Ribbit
  4085 | D:6      | Noticed Edmund
  4108 | D:6      | Slain by Edmund

Illustrated notes

Levels and vault maps discovered:
D:1:      dpeg_arrival_three_same_balls, layout_basic, serial_shops,
          nicolae_shop_bloodbath_and_beyond, shop, hex_tiny,
          minmay_misc_feat_room, minmay_pentomino_o4
D:2:      layout_basic, wander_ebering_terrifying_dragon_lair
D:3:      layout_loops_ring, nicolae_figureground_pulse
D:4:      layout_cave_pools, uniq_blork_the_orc
D:5:      layout_basic
D:6:      layout_loops_cross, gammafunk_temple_overflow_elements, uniq_edmund,
          uniq_menkaure, uniq_prince_ribbit1, uniq_pikel

Skill      XL: |  1  2  3  4  5  6  7  8 |
---------------+-------------------------+-----
Fighting       | 3 4 5 |  5.9
Unarmed Combat | 4 5 6 7 |  7.1
Dodging        | 3 |  3.0
Throwing       | 1 |  1.5

Action                   |  1- 3 |  4- 6 |  7- 9 || total
-------------------------+-------+-------+-------++-------
Melee: Unarmed           |    66 |   143 |    60 ||   269
       Punch             |     1 |     2 |     5 ||     8
Throw: Stone             |       |       |     3 ||     3
Invok: Berserk           |       |       |     1 ||     1
       Trog's Hand       |       |       |     1 ||     1
  Use: Scroll            |       |     1 |       ||     1
 Stab: Sleeping          |       |     1 |       ||     1
Armor: Animal skin       |    27 |    56 |    30 ||   113
Dodge: Dodged            |    37 |    64 |    38 ||   139

Table legend: (Time is in decaauts)
 A = Elapsed time spent in this place.
 B = Non-inter-level travel time spent in this place.
 C = Inter-level travel time spent in this place.
 D = Time resting spent in this place.
 E = Time spent auto-exploring this place.
 F = Levels seen in this place.
 G = Mean time per level.
                   A        B        C        D        E       F      G
               +--------+--------+--------+--------+--------+-----+--------+
         Total |   4090 |   3630 |    460 |    118 |   2928 |   6 |  681.7 |
       Dungeon |   4090 |   3630 |    460 |    118 |   2928 |   6 |  681.7 |
               +--------+--------+--------+--------+--------+-----+--------+

Top non-repeatable levels by time:
     D:5: 971 daAuts
     D:1: 960 daAuts
     D:2: 808 daAuts
     D:3: 676 daAuts
     D:4: 597 daAuts
     D:6: 76 daAuts
